 Dungeon Crawl Stone Soup version 0.27-a0-1140-g099f9bb0e8 (webtiles) character file.

Game seed: 18147656126911414353

10050 leviel the Severer (level 11, -1/106 HPs)
             Began as a Minotaur Fighter on May 8, 2021.
             Was a Priest of the Shining One.
             Slain by an 18-headed hydra (4 damage)
             ... on level 13 of the Dungeon.
             The game lasted 00:10:51 (10188 turns).

leviel the Severer (Minotaur Fighter)              Turns: 10188, Time: 00:10:57

Health: -1/106     AC: 18    Str: 25    XL:     11   Next: 31%
Magic:  10/10      EV:  7    Int:  5    God:    the Shining One [***...]
Gold:   348        SH: 11    Dex:  9    Spells: 10/10 levels left

rFire    . . .     SeeInvis .   a - +2 war axe (spect)
rCold    + + .     Faith    .   E - +2 buckler
rNeg     + . .     Spirit   .   F - +4 plate armour "Daxtusm" {rC++}
rPois    +         Reflect  +   (helmet restricted)
rElec    .         Harm     .   (no cloak)
rCorr    +         Rampage  +   C - +0 pair of gloves
Will     .....                  G - +1 pair of boots {rampage}
Stlth    ..........             p - amulet of reflection
HPRegen  0.27/turn              e - ring of resist corrosion
MPRegen  0.12/turn              l - ring of poison resistance

@: glowing
A: horns 2, retaliatory headbutt
a: Renounce Religion, Divine Shield


You were on level 13 of the Dungeon.
You worshipped the Shining One.
The Shining One was most pleased with you.
You visited 2 branches of the dungeon, and saw 12 of its levels.

You collected 562 gold pieces.
You spent 214 gold pieces at shops.

Inventory:

Hand Weapons
 a - a +2 spectral war axe (weapon)
Missiles
 k - a boomerang of dispersal (quivered)
 t - 5 javelins
 H - 2 throwing nets
Armour
 c - a +0 kite shield
 C - a +0 pair of gloves (worn)
 E - a +2 buckler (worn)
 F - the +4 plate armour "Daxtusm" (worn) {rC++}
   (You found it on level 6 of the Dungeon)

   It greatly protects you from cold.
 G - a +1 pair of boots of rampaging (worn)
Jewellery
 e - a ring of resist corrosion (left hand)
 g - a ring of willpower
 l - a ring of poison resistance (right hand)
 p - an amulet of reflection (around neck)
Wands
 v - a wand of polymorph (7)
 x - a wand of acid (7)
 I - a wand of mindburst (12)
 J - a wand of iceblast (6)
Scrolls
 b - a scroll of blinking {unknown}
 f - 2 scrolls of amnesia
 i - a scroll of magic mapping
 j - a scroll of brand weapon
 m - a scroll of silence
 q - 4 scrolls of teleportation
 u - 2 scrolls of enchant armour {unknown}
 y - 7 scrolls of identify
 B - 3 scrolls of fear
 D - a scroll of holy word {unknown}
Potions
 d - 2 potions of might
 h - 3 potions of curing
 n - 6 potions of lignification
 o - 3 potions of mutation
 r - 4 potions of heal wounds
 s - a potion of haste {unknown}
 w - a potion of attraction
 z - 4 potions of degeneration
 A - a potion of cancellation


   Skills:
 * Level 12.9 Fighting
 - Level 16.0 Axes
 - Level 3.6 Armour
 - Level 4.0 Shields
 + Level 1.1 Invocations


You had 10 spell levels left.
You didn't know any spells.
Your spell library contained the following spells:

 Spells                   Type           Power      Damage    Failure   Level
 Freeze                   Ice            0%         1d3       100%        1
 Static Discharge         Conj/Air       0%         N/A       100%        2
 Conjure Flame            Conj/Fire      0%         6-21      100%        3
 Frozen Ramparts          Ice            0%         1d2       100%        3
 Sticky Flame             Conj/Fire      0%         2d3       100%        4
 Lightning Bolt           Conj/Air       0%         1d11      100%        5


Dungeon Overview and Level Annotations

Branches:
Dungeon (10/15)            Temple (1/1) D:7            Lair (0/6) D:8
    Orc (0/2) D:10

Altars:
Ashenzari
Cheibriados
Dithmenos
Elyvilon
Fedhas
Gozag
Hepliaklqana
Kikubaaqudgha
Makhleb
Nemelex Xobeh
Okawaru
Qazlal
Ru
Sif Muna
Trog
Uskayaw
Vehumet
Wu Jian
Xom
Yredelemnul
Zin
The Shining One

Shops:
D:2 :   D:6 *   D:8 [

Annotations:
D:10 exclusion: orange crystal statue


Innate Abilities, Weirdness & Mutations

You have a pair of horns on your head.
You reflexively headbutt those who attack you in melee.


Message History

The 14-headed hydra bites you!
* * * LOW HITPOINT WARNING * * *
You block the 14-headed hydra's attack. x3
The 14-headed hydra bites you but does no damage.
The 14-headed hydra completely misses you.
The 14-headed hydra bites you but does no damage.
The orc priest shouts!
You slash the orc priest!
You kill the orc priest!
The Shining One accepts your kill.
You hack one of the 14-headed hydra's heads off!
The 13-headed hydra grows two more!
You hit the 15-headed hydra.
Your spectral weapon hits the 15-headed hydra!
Your spectral weapon chops one of the 15-headed hydra's heads off!
The 14-headed hydra grows two more!
You hack one of the 16-headed hydra's heads off!
The 15-headed hydra grows two more!
You slash the 17-headed hydra!
The 17-headed hydra is severely wounded.
Your spectral weapon hits the 17-headed hydra!!
Your spectral weapon chops one of the 17-headed hydra's heads off!
The 16-headed hydra grows two more!
You block the 18-headed hydra's attack. The 18-headed hydra bites you.
* * * LOW HITPOINT WARNING * * *
The 18-headed hydra bites you!
* * * LOW HITPOINT WARNING * * *
The 18-headed hydra bites you.
* * * LOW HITPOINT WARNING * * *
You block the 18-headed hydra's attack.
The 18-headed hydra bites you but does no damage.
The 18-headed hydra closely misses you. The 18-headed hydra bites you!
* * * LOW HITPOINT WARNING * * *
The 18-headed hydra bites you but does no damage. x3
You block the 18-headed hydra's attack. The 18-headed hydra bites you.
* * * LOW HITPOINT WARNING * * *
The 18-headed hydra closely misses you. The 18-headed hydra bites you.
* * * LOW HITPOINT WARNING * * *
The 18-headed hydra bites you.
* * * LOW HITPOINT WARNING * * *
The 18-headed hydra bites you.
You die...

*#...........##.#,##.#,<***,,**,*
,,..............#,...#,,,,*,,*,,,
**............#.##..##.,,,,,,**,*
*#.#....8....#........**,,,,,***
#.#..(..............,,,,**,,,,,
###.#.........#.......,,*,,,,,,,,
...........(...#.######.,,,,,,,,,
......#####...#)(.......*,***,,,,
......# #####.@§......,,,,,,,,*
......#* #..D..^.#.*,*******
.......# #.§§Y..##,*,* *,
.......#*** #....W.#*,*,** *,
.........,* #........,,,,* *,
........#.* #.........,,,******
#####+#.#,# #........≈≈≈,,,,*,*
*,*.#,* ######..≈≈≈≈,,,,*,,
*****,*,,,* *,,,≈≈≈≈≈,,,***


You could see a 18-headed hydra, an ice beast, a shadow and a friendly +2
spectral war axe (summoned).

Vanquished Creatures
  Harold (D:7)
  A centaur warrior (D:13)
  A two-headed ogre (D:9)
  A manticore (D:13)
  Joseph (D:10)
  A troll (D:10)
  4 slime creatures (D:10)
  4 wyverns
  12 yaks
  A basilisk (D:8)
  3 water moccasins
  3 orc warriors
  A sky beast (D:7)
  A hornet zombie (D:3)
  An ice beast (D:5)
  A necrophage (D:4)
  4 centaurs
  3 phantoms (D:10)
  3 bullfrogs
  A gnoll sergeant (D:9)
  5 scorpions
  3 water moccasin skeletons
  A killer bee (D:8)
  3 troll zombies (D:10)
  An electric eel (D:8)
  3 howler monkeys
  A crimson imp (D:5)
  2 bullfrog zombies (D:5)
  A centaur zombie (D:10)
  A hound (D:4)
  2 orc priests
  A jelly (D:6)
  2 centaur skeletons
  6 gnoll shamans
  4 iguanas
  8 orc wizards
  A killer bee zombie (D:6)
  3 ogre zombies (D:10)
  A hound skeleton (D:4)
  33 gnolls
  9 adders
  2 white imps
  3 ufetubi
  An adder skeleton (D:3)
  4 worms
  5 dart slugs
  36 orcs
  3 ball pythons
  7 endoplasms
  3 giant cockroaches
  11 hobgoblins
  12 jackals
  5 kobolds
  4 quokkas
  2 bats
  3 frilled lizards
  5 goblins
  A goblin skeleton (D:10)
  A goblin zombie (D:10)
  3 hobgoblin skeletons (D:10)
  A hobgoblin zombie (D:10)
  11 orc zombies (D:10)
  3 rats
265 creatures vanquished.

Vanquished Creatures (others)
  7 fungi
  8 plants (D:8)
15 creatures vanquished.

Grand Total: 280 creatures vanquished

Notes
Turn   | Place    | Note
-------+----------+-------------------------------------------
     0 | D:1      | leviel the Minotaur Fighter began the quest for the Orb.
     0 | D:1      | Reached XP level 1. HP: 19/19 MP: 0/0
   222 | D:1      | Reached skill level 3 in Axes
   255 | D:1      | Reached XP level 2. HP: 26/27 MP: 1/1
  1226 | D:2      | Reached XP level 3. HP: 33/33 MP: 2/2
  1305 | D:2      | Reached skill level 4 in Axes
  1324 | D:2      | Found a radiant altar of Vehumet.
  1508 | D:2      | Found Vaamn's Book Shoppe.
  1580 | D:2      | Reached XP level 4. HP: 38/41 MP: 3/3
  1917 | D:3      | Reached skill level 5 in Axes
  2526 | D:3      | Reached XP level 5. HP: 47/47 MP: 4/4
  2537 | D:3      | Found a faded altar of an unknown god.
  2549 | D:3      | Reached skill level 5 in Fighting
  2822 | D:3      | Found an ornate altar of the Wu Jian Council.
  2876 | D:3      | Reached skill level 6 in Axes
  2876 | D:3      | Reached XP level 6. HP: 34/56 MP: 5/5
  3087 | D:4      | Identified Sif Muna's Tome of Icy Combat Magic
  3428 | D:4      | Found an ancient bone altar of Kikubaaqudgha.
  3462 | D:4      | Found a hazy altar of Hepliaklqana.
  3472 | D:4      | Reached skill level 7 in Axes
  3569 | D:4      | Found a large runed translucent door.
  3570 | D:4      | Found a large runed translucent door.
  3764 | D:4      | Reached XP level 7. HP: 61/63 MP: 6/6
  3999 | D:4      | Found a blossoming altar of Fedhas.
  4002 | D:4      | Reached skill level 8 in Axes
  4005 | D:4      | Found a sparkling altar of Nemelex Xobeh.
  4045 | D:5      | Entered Level 5 of the Dungeon
  4358 | D:5      | Found a shimmering blue altar of Sif Muna.
  4423 | D:5      | Identified the +4 trident of Impatience {drain, rN++}
  4555 | D:5      | Reached skill level 9 in Axes
  4640 | D:5      | Reached XP level 8. HP: 73/73 MP: 7/7
  4950 | D:5      | Found a stormy altar of Qazlal.
  5071 | D:5      | Found a shadowy altar of Dithmenos.
  5183 | D:5      | Found a shimmering altar of Xom.
  5184 | D:5      | Found a burning altar of Makhleb.
  5303 | D:6      | Reached skill level 10 in Axes
  5547 | D:6      | Found an opulent altar of Gozag.
  5547 | D:6      | Found Gozag's Platinum Reserve.
  5557 | D:6      | Identified the +4 plate armour "Daxtusm" {rC++}
  5762 | D:6      | Found a hide-covered altar of Uskayaw.
  6411 | D:7      | Found a staircase to the Ecumenical Temple.
  6455 | D:7      | Reached skill level 11 in Axes
  6480 | Temple   | Entered the Ecumenical Temple
  6813 | Temple   | Became a worshipper of the Shining One
  6876 | D:7      | Noticed Harold
  6895 | D:7      | Killed Harold
  6896 | D:7      | Reached skill level 12 in Axes
  6896 | D:7      | Reached XP level 9. HP: 83/83 MP: 8/8
  7325 | D:8      | Reached skill level 10 in Fighting
  7325 | D:8      | Reached skill level 13 in Axes
  7329 | D:8      | Found a staircase to the Lair.
  7338 | D:8      | Reached XP level 10. HP: 31/94 MP: 9/9
  8248 | D:8      | Found Ilea's Armour Boutique.
  8256 | D:8      | Bought a +1 pair of boots of rampaging for 214 gold pieces
  8338 | D:8      | Reached skill level 14 in Axes
  8800 | D:9      | Reached * piety under the Shining One
  8885 | D:9      | Noticed a two-headed ogre
  8889 | D:9      | Killed a two-headed ogre
  8897 | D:9      | Reached skill level 15 in Axes
  9168 | D:10     | Entered Level 10 of the Dungeon
  9195 | D:10     | Noticed Joseph
  9203 | D:10     | Killed Joseph
  9654 | D:10     | Reached ** piety under the Shining One
  9658 | D:10     | Reached XP level 11. HP: 83/104 MP: 10/10
  9661 | D:10     | Found a staircase to the Orcish Mines.
  9675 | D:10     | Reached *** piety under the Shining One
  9866 | D:10     | Found the amulet of the Four Winds {rN+ Will+++ Clar}
  9866 | D:10     | Noticed an orange crystal statue
  9883 | D:10     | Reached skill level 16 in Axes
 10142 | D:10     | You fall into a shaft and drop 3 floors!
 10143 | D:13     | Noticed a centaur warrior
 10146 | D:13     | Killed a centaur warrior
 10164 | D:13     | Reached skill level 1 in Invocations
 10175 | D:13     | Noticed a seven-headed hydra
 10188 | D:13     | HP: 3/106 [18-headed hydra (3)]
 10188 | D:13     | Slain by an 18-headed hydra

Illustrated notes

Levels and vault maps discovered:
D:1:      onia_arrival_mini_maze, layout_loops_ring, minmay_misc_feat_plants
D:2:      layout_basic, serial_shops, shop_statue, basic_altar,
          kennysheep_generic_room_6
D:3:      layout_basic, nzn_wu_jian_contemplation,
          hellmonk_ecumenical_altar_pennies_from_heaven
D:4:      layout_gridville, jmf_multi_god_temple2, kennysheep_little_box,
          kiku_gazebo_pond_becter
D:5:      layout_loops_ring, grunt_temple_overflow_champion_of_chaos,
          lemuel_tele_altar, lemuel_coloured_pillars_altar, grunt_qazlal_clouds,
          kennysheep_generic_room_12
D:6:      layout_loops_ring, nicolae_gozag_zags_fifth_avenue, marbit_many_paths
D:7:      layout_gridville, minmay_temple_entry_arrows, uniq_harold
D:8:      layout_loops_ring, minmay_lair_entry_grove, serial_shops, shop,
          fungi_pond_lemuel
D:9:      layout_basic
D:10:     layout_roguey, zombieorc1_lemuel, minmay_protected_statue, uniq_joseph
D:13:     layout_basic, serial_ice, serial_ice_a, serial_ice_c, serial_ice_i,
          serial_ice_n, serial_ice_g, serial_ice_h, serial_ice_d, serial_ice_f,
          portal_ice_cave_demonic_guard, serial_shops, bzr_entry_safe
Temple:   dpeg_chambers_temple

Skill      XL: |  1  2  3  4  5  6  7  8  9 10 11 |
---------------+----------------------------------+-----
Axes           | 3 4 5 6 7 9 12 13 15 16 | 16.0
Fighting       | 4 5 6 7 9 10 11 12 | 12.9
Shields        | 4 |  4.0
Invocations    | 1 |  1.1
Armour         | |  3.6

Action                   |  1- 3 |  4- 6 |  7- 9 | 10-12 || total
-------------------------+-------+-------+-------+-------++-------
Melee: War axe           |    84 |   120 |   167 |   166 ||   537
       Headbutt          |    12 |    27 |    27 |    33 ||    99
Throw: Boomerang         |       |       |       |     2 ||     2
  Use: Scroll            |       |    14 |     5 |     1 ||    20
 Stab: Distracted        |       |     1 |       |       ||     1
Armor: Scale mail        |    46 |    43 |    23 |       ||   112
       Plate armour      |       |       |    29 |    60 ||    89
Dodge: Dodged            |    22 |    27 |    45 |    36 ||   130
Block: Kite shield       |    36 |   103 |    69 |       ||   208
       Reflection        |       |     1 |     2 |     5 ||     8
       Buckler           |       |       |    48 |    64 ||   112

Table legend: (Time is in decaauts)
 A = Elapsed time spent in this place.
 B = Non-inter-level travel time spent in this place.
 C = Inter-level travel time spent in this place.
 D = Time resting spent in this place.
 E = Time spent auto-exploring this place.
 F = Levels seen in this place.
 G = Mean time per level.
                   A        B        C        D        E       F      G
               +--------+--------+--------+--------+--------+-----+--------+
         Total |  10267 |   9779 |    488 |   1905 |   6616 |  12 |  855.6 |
       Dungeon |   9906 |   9560 |    346 |   1905 |   6399 |  11 |  900.5 |
        Temple |    360 |    219 |    141 |      0 |    217 |   1 |  360.0 |
               +--------+--------+--------+--------+--------+-----+--------+

Top non-repeatable levels by time:
     D:3: 1301 daAuts
     D:8: 1295 daAuts
     D:5: 1234 daAuts
     D:1: 995 daAuts
     D:4: 994 daAuts
    D:10: 952 daAuts
     D:2: 857 daAuts
     D:6: 844 daAuts
     D:7: 810 daAuts
     D:9: 581 daAuts
  Temple: 360 daAuts
    D:13: 39 daAuts
